 Dungeon Crawl Stone Soup version 0.27.1-15-g792fb953b9 (webtiles) character file.

Game seed: 7885498580889845670

69 Findor the Cudgeller (level 4, -2/33 HPs)
             Began as a Demonspawn Gladiator on Nov 20, 2021.
             Slain by a gnoll (13 damage)
             ... on level 3 of the Dungeon.
             The game lasted 00:02:09 (1895 turns).

Findor the Cudgeller (Demonspawn Gladiator)         Turns: 1895, Time: 00:02:10

Health: -2/33      AC:  5    Str: 15    XL:     4   Next: 2%
Magic:  4/4        EV: 12    Int:  9    God:
Gold:   50         SH:  0    Dex: 15    Spells: 3/3 levels left

rFire    . . .     SeeInvis .   a - +0 flail
rCold    . . .     Faith    .   (no shield)
rNeg     . . .     Spirit   .   b - +0 leather armour
rPois    .         Reflect  .   c - +0 helmet
rElec    .         Harm     .   (no cloak)
rCorr    .         Rampage  .   h - +0 pair of gloves
Will     .....                  (no boots)
Stlth    +.........             (no amulet)
HPRegen  0.11/turn              (no ring)
MPRegen  0.09/turn              (no ring)

@: mighty
A: foul stench 1, demonic magic 1
a: no special abilities


You were on level 3 of the Dungeon.
You visited 1 branch of the dungeon, and saw 3 of its levels.

You collected 50 gold pieces.


Innate Abilities, Weirdness & Mutations

You may rarely emit foul miasma when damaged in melee.
Spells you cast may paralyse adjacent enemies.


   Skills:
 - Level 2.0 Fighting
 + Level 4.5 Maces & Flails
 - Level 1.7 Throwing
 - Level 2.6 Dodging


You had 3 spell levels left.
You didn't know any spells.
Your spell library contained the following spells:

 Spells                   Type           Power      Damage    Failure   Level
 Fireball                 Conj/Fire      0%         3d3       100%        5
 Starburst                Conj/Fire      0%         6d3       100%        6
 Ignition                 Fire           0%         3d3       100%        8

Inventory:

Hand Weapons
 a - a +0 flail (weapon)
Missiles
 d - 3 throwing nets (quivered) {!f}
Armour
 b - a +0 leather armour (worn)
 c - a +0 helmet (worn)
 h - a +0 pair of gloves (worn)
   (You found it on level 1 of the Dungeon)
Scrolls
 f - a scroll of identify {unknown}
 i - a scroll of magic mapping {unknown}
 j - a scroll of fog {unknown}
 k - a scroll of teleportation {unknown}
Potions
 l - a potion of brilliance {unknown}


Message History

A gnoll comes into view. It is wielding a +0 whip.
Found a spear.
Found a stone staircase leading down.
A gnoll comes into view. It is wielding a +0 spear.
The gnoll shouts!
You hear a shout! x2
A gnoll comes into view. It is wielding a +0 halberd.
A gnoll comes into view. It is wielding a +0 club.
The gnoll shouts!
You see here 14 stones.
The gnoll barely misses you. The gnoll misses you.
You hit the gnoll. The gnoll closely misses you.
You closely miss the gnoll. The gnoll misses you.
A giant cockroach comes into view.
You barely miss the gnoll. The gnoll hits you with a +0 whip.
You hit the gnoll. You hit the gnoll but do no damage.
The gnoll hits you with a +0 club.
You closely miss the gnoll. The gnoll barely misses you.
The gnoll closely misses you.
You closely miss the gnoll. The gnoll hits you with a +0 club.
You hit the gnoll. The gnoll hits you but does no damage.
You closely miss the gnoll. The gnoll barely misses you.
You sock the gnoll!
You kill the gnoll!
You sock the gnoll!
You kill the gnoll!
The gnoll hits you from afar with a +0 spear.
* * * LOW HITPOINT WARNING * * *
Unknown command.
Unknown command.
The gnoll hits you with a +0 spear.
* * * LOW HITPOINT WARNING * * *
Things that are here:
a +0 whip; a +0 club; a gnoll corpse Unknown command.
Unknown command.
You hit the gnoll but do no damage. The gnoll completely misses you.
The giant cockroach waves its antennae.
You hit the gnoll. The gnoll hits you with a +0 spear.
* * * LOW HITPOINT WARNING * * *
You barely miss the gnoll. The gnoll hits you with a +0 spear.
* * * LOW HITPOINT WARNING * * *
The gnoll closely misses you.
You sock the gnoll!
You kill the gnoll!
You have reached level 4!
You feel agile.
It was a potion of might.
You feel very mighty all of a sudden. The giant cockroach barely misses you.
The gnoll hits you from afar with a +0 halberd!
You die...

...###.# ..>#..
...#.# #. ..#.#
#. ....# #.
######...#
####.###..@Bg...#
#......#.####...#
#......#.# #...#
#......#.# #...#
#......'.# #...#
#......### #...#
#......# #gg)#
+....††# #gg.#
#......# #...#


You could see a gnoll and a giant cockroach.

Vanquished Creatures
  3 gnolls (D:3)
  A worm (D:2)
  2 endoplasms (D:2)
  2 giant cockroaches (D:1)
  3 goblins
  6 hobgoblins
  3 jackals (D:1)
  4 ball pythons
  A bat (D:2)
  5 kobolds (D:1)
  4 rats
34 creatures vanquished.

Notes
Turn   | Place    | Note
-------+----------+-------------------------------------------
     0 | D:1      | Findor the Demonspawn Gladiator began the quest for the
                  | Orb.
     0 | D:1      | Reached XP level 1. HP: 16/16 MP: 1/1
   111 | D:1      | Reached skill level 3 in Maces & Flails
   258 | D:1      | Gained mutation: You may rarely emit foul miasma when
                  | damaged in melee. [demonic ancestry]
   258 | D:1      | Reached XP level 2. HP: 16/22 MP: 2/2
   637 | D:1      | Found a faded altar of an unknown god.
  1505 | D:2      | Gained mutation: Spells you cast may paralyse adjacent
                  | enemies. [demonic ancestry]
  1505 | D:2      | Reached XP level 3. HP: 24/27 MP: 3/3
  1632 | D:2      | Reached skill level 4 in Maces & Flails
  1895 | D:3      | Reached XP level 4. HP: 11/33 MP: 4/4
  1895 | D:3      | Slain by a gnoll

Levels and vault maps discovered:
D:1:      shiori_arrival_oz, layout_basic, ebering_ecumenical_altar_abandoned
D:2:      layout_basic, serial_aquarium, aquarium_bridge_square
          [aquarium_subvault_wall, aquarium_subvault_bridge,
          aquarium_subvault_wall, aquarium_subvault_bridge], aquarium_window_1,
          aquarium_window_1, aquarium_window_2, aquarium_window_corner,
          aquarium_view_2a, kennysheep_minor_cross, minmay_misc_feat_room,
          st_stairs_1
D:3:      minmay_chambers_of_twos, layout_basic, grunt_ministairs_1,
          supply_closet_lemuel, uniq_jessica

Action                   |  1- 3 |  4- 6 || total
-------------------------+-------+-------++-------
Melee: Flail             |   116 |       ||   116
  Use: Scroll            |     1 |       ||     1
       Potion            |     1 |     1 ||     2
 Stab: Sleeping          |     2 |       ||     2
Armor: Leather armour    |    39 |       ||    39
Dodge: Dodged            |    67 |     1 ||    68
